Map: Acropolis LE

Players

NoStormPls

  • Race: Terran Terran
  • League: Gold
  • Spawn Location: 5:00

Herakles - Winner!

  • Race: Terran Terran
  • League: Platinum
  • Spawn Location: 11:00

VOD

Have the link to the VOD?

Description

Time

  • Played on: Sept. 1, 2019, 12:20 p.m.
  • Length: 12:15
Show
View Real Time Build Order
Export as new Build Order

NoStormPls Terran 

Build Orders:  

Get SALT Encoding   

  12  0:01  SCV  
  13  0:13  SCV  
  14  0:16  Supply Depot  
  14  0:25  SCV  
  15  0:28  Refinery  
  15  0:38  SCV  
  16  0:44  Barracks  
  16  0:50  SCV  
  17  1:02  Barracks  
  17  1:06  SCV  
  18  1:18  SCV  
  19  1:26  Supply Depot  
  19  1:31  Reaper  
  21  1:36  Orbital Command  
  20  1:49  Reaper  
  21  1:56  Refinery  
  21  2:03  Reaper  
  21  2:04  SCV  
  21  2:06  Supply Depot  
  23  2:16  SCV  
  23  2:21  Reaper  
  25  2:28  SCV  
  26  2:35  Reaper  
  27  2:40  SCV  
  28  2:50  Command Center  
  28  2:54  Reaper  
  29  3:08  Reaper  
  29  3:24  Factory  
  29  3:30  Command Center  
  29  3:31  SCV  
  30  3:43  SCV  
  31  3:50  Barracks Tech Lab  
  31  3:54  Barracks  
  31  3:55  SCV  
  32  4:07  SCV  
  33  4:15  Stimpack  
  33  4:16  Marine  
  34  4:19  SCV  
  34  4:20  Factory Reactor  
  34  4:21  Barracks Reactor  
  35  4:26  Engineering Bay  
  35  4:31  SCV  
  35  4:34  Marine  
  37  4:43  SCV  
  37  4:52  Marine  
  34  5:01  Orbital Command  
  34  5:02  SCV  
  35  5:10  Marine  
  35  5:11  Marine x2  
  38  5:14  SCV  
  38  5:18  Starport  
  38  5:20  Terran Infantry Weapons Level 1  
  39  5:22  Factory Tech Lab  
  39  5:26  SCV  
  39  5:28  Marine  
  39  5:29  Marine x2  
  39  5:31  Bunker  
  40  5:38  SCV  
  41  5:42  SCV  
  41  5:46  Marine  
  41  5:47  Marine x3  
  41  5:48  Marine  
  41  5:51  SCV  
  41  5:55  SCV  
  38  6:03  SCV  
  25  6:25  Viking  
  22  6:51  Marine x3  
  25  6:55  Viking  
  12  7:22  Marine  
  12  7:23  Marine  
  14  7:33  SCV  
  14  7:35  SCV  
  16  7:50  SCV x3  
  19  8:04  SCV  
  19  8:05  SCV  
  22  8:13  Orbital Command  
  22  8:16  SCV  
  22  8:17  SCV  
  23  8:29  SCV x2  
  23  8:31  Missile Turret  
  26  8:41  SCV x2  
  26  8:48  Starport  
  27  8:53  SCV  
  18  9:15  Viking  
  18  9:36  SCV x2  
  20  9:48  SCV x2  
  22  10:00  SCV x2  
  22  10:01  Armory  
  24  10:12  SCV x2, Missile Turret  
  26  10:24  SCV x2  
  28  10:37  SCV  
  28  10:47  Bunker  
  28  10:49  SCV  
  29  10:50  Viking  
  29  10:52  Marine  
  29  10:53  Marine x4  
  29  10:56  Orbital Command  
  36  11:10  Marine  
  36  11:11  Marine  
  38  11:39  SCV  
  29  11:51  SCV  
  30  12:06  Supply Depot  
  31  12:08  Supply Depot  
Show
View Real Time Build Order
Export as new Build Order

Herakles Terran - Winner!

Build Orders:  

Get SALT Encoding   

  12  0:00  SCV  
  13  0:13  SCV  
  14  0:20  Supply Depot  
  14  0:26  Refinery  
  14  0:27  SCV  
  15  0:42  SCV  
  16  0:45  Barracks  
  16  0:54  SCV  
  17  1:06  SCV  
  17  1:09  Supply Depot  
  18  1:18  SCV  
  19  1:30  SCV  
  20  1:36  Factory  
  20  1:48  Orbital Command  
  20  1:50  Reaper  
  21  2:12  Command Center  
  21  2:17  SCV  
  24  2:22  Hellion  
  24  2:32  Starport  
  24  2:35  Refinery  
  24  2:42  Reaper  
  25  2:47  Hellion  
  23  3:21  Hellion  
  25  3:30  Fusion Core  
  25  3:31  SCV  
  26  3:37  Orbital Command  
  26  3:39  Supply Depot  
  26  3:42  Hellion  
  26  3:47  SCV  
  29  3:48  Starport Tech Lab  
  29  4:04  SCV, Hellion  
  32  4:11  Supply Depot  
  32  4:13  SCV  
  32  4:16  SCV  
  34  4:28  Battlecruiser  
  40  4:36  Engineering Bay  
  36  4:50  SCV  
  34  5:02  SCV  
  34  5:03  Orbital Command  
  35  5:17  Hellion  
  31  6:11  Hellion  
  31  6:12  Battlecruiser  
  31  6:16  Marine  
  38  6:20  Barracks  
  38  6:22  Barracks  
  38  7:27  SCV  
  38  7:28  SCV  
  40  7:30  Marine x3  
  43  7:39  SCV  
  43  7:41  SCV, Starport  
  45  7:51  SCV  
  45  7:54  SCV  
  47  7:59  Refinery  
  47  8:00  Refinery  
  47  8:03  SCV  
  48  8:06  SCV  
  48  8:09  Factory Tech Lab  
  49  8:20  Starport Tech Lab  
  49  8:24  Weapon Refit  
  49  8:28  Missile Turret  
  39  9:37  Battlecruiser x2  
  45  9:39  Marine x2  
  45  9:40  Marine  
  49  9:45  SCV x2  
  49  9:48  Siege Tank  
  53  9:53  Barracks x2  
  53  9:55  Terran Infantry Weapons Level 1  
  53  9:57  Marine x3  
  56  10:00  Missile Turret  
  56  10:15  Marine x3  
  59  10:41  Viking  
  61  10:48  Barracks Tech Lab x2  
  61  10:49  Barracks Reactor x3  
  61  11:09  Supply Depot  
  61  11:11  Supply Depot  
  61  11:30  Viking  
  61  11:31  Siege Tank  
Tags
 
Matchup
TvT
Race
Terran
Spawn Locations
Cross Positions
Add a new tag
Caveats
  • Supply blocks, unpowered buildings, or Contaminate may cause inaccurate times.
  • Supply counts are checked every 10 seconds.